Description

ZvZ timing push with 3 bases & mass roaches

Replay - GOReynor v Serral: Game 1 - Disco Bloodbath LE

Build Order

Get SALT Encoding   

  12  0:00  Drone  
  13  0:12  Overlord  
  13  0:17  Drone  
  14  0:30  Drone x2  
  16  0:48  Hatchery  
  15  0:51  Drone x2  
  17  0:58  Drone  
  18  1:08  Extractor  
  17  1:13  Spawning Pool  
  17  1:15  Drone x2  
  18  1:28  Drone  
  21  1:59  Overlord  
  21  2:00  Queen x2  
  21  2:01  Zergling x2  
  26  2:09  Metabolic Boost  
  30  2:33  Hatchery  
  30  2:39  Zergling x2  
  33  2:48  Baneling Nest  
  32  2:53  Overlord  
  37  3:13  Zergling x2  
  37  3:15  Overlord  
  40  3:20  Zergling x4  
  40  3:25  Queen  
  44  3:29  Evolution Chamber  
  46  3:48  Lair  
  50  3:55  Overlord  
  53  4:03  Baneling  
  53  4:05  Roach Warren  
  53  4:06  Zerg Missile Weapons Level 1  
  56  4:21  Extractor x2  
  62  4:37  Extractor x2  
  66  4:46  Glial Reconstitution  
  66  4:53  Roach x3  
  74  5:00  Roach x3  
  78  5:09  Roach x3  
  84  5:15  Roach  
  98  5:32  Nydus Network  
  113  6:08  Nydus Canal  
  121  6:17  Queen  
Spawning Tool Build Advisor. Get it on Overwolf

Go to:

Details

  • Created by: xenlee
  • Published on: Dec 16, 2019
  • Modified on: Dec 16, 2019
  • Patch: 4.11.0
Show
View Real Time Build Order
Export as new Build Order

Comments (0)

There are no comments. Be the first!

Create an account to comment!